3391 views
Uploaded 2020-02-08 20:50:16
Game version 1.32 / 1.32.1
23:04 long 4on4 ladder game on (8)GoldRush
Saved by BEARAND
3391 views
Uploaded 2020-02-08 20:50:16
Game version 1.32 / 1.32.1
23:04 long 4on4 ladder game on (8)GoldRush


117 units @ 9k
/ 0.3k
383 buildings @ 23.2k
/ 12.8k



| Boots of Speed | 3 | 750 |
| Staff of Teleportation | 3 | 450 |
| Periapt of Vitality | 1 | 325 |
| Staff of Sanctuary | 3 | 750 |
| total: | 10 | 2275g |
| Wisp | 34 | 2040 | / | 0 |
| total: | 34 | 2040g | / | 0w |
| Altar of Elders | 1 | 180 | / | 50 |
| Moon Well | 12 | 2160 | / | 480 |
| Tree of Life | 4 | 1360 | / | 740 |
| Hunter's Hall | 2 | 420 | / | 200 |
| Tree of Ages | 1 | 320 | / | 180 |
| Tree of Eternity | 1 | 330 | / | 200 |
| total: | 19 | 4120g | / | 1470w |
| 0:01 | Wisp |
| 0:05 | Altar of Elders |
| 0:08 | Wisp |
| 0:17 | Moon Well |
| 0:18 | Wisp |
| 0:29 | Wisp |
| 0:40 | Wisp |
| 0:58 | Moon Well |
| 1:03 | Wisp |
| 1:15 | Wisp |
| 1:32 | Wisp |
| 1:40 | Wisp |
| 1:56 | Wisp |
| 1:56 | Wisp |
| 2:08 | Force of Nature |
| 2:53 | Wisp |
| 2:53 | Wisp |
| 2:54 | Wisp |
| 3:44 | Tree of Ages |
| 4:18 | Tree of Life |
| 5:43 | Boots of Speed |
| 5:44 | Staff of Teleportation |
| 6:09 | Wisp |
| 6:09 | Wisp |
| 6:17 | Entangling Roots |
| 6:34 | Soul Burn |
| 7:12 | Staff of Teleportation |
| 7:13 | Boots of Speed |
| 7:30 | Wisp |
| 7:58 | Tree of Eternity |
| 8:19 | Tree of Life |
| 9:00 | Tree of Life |
| 9:07 | Wisp |
| 9:08 | Wisp |
| 9:08 | Wisp |
| 9:08 | Wisp |
| 9:09 | Wisp |
| 10:20 | Hunter's Hall |
| 10:21 | Hunter's Hall |
| 10:26 | Frost Arrows |
| 11:38 | Wisp |
| 11:38 | Wisp |
| 11:42 | Well Spring |
| 11:46 | Moon Well |
| 11:48 | Moon Well |
| 11:51 | Moon Well |
| 12:17 | Entangling Roots |
| 12:18 | Incinerate |
| 12:54 | Wisp |
| 12:54 | Wisp |
| 12:54 | Wisp |
| 12:55 | Wisp |
| 12:56 | Wisp |
| 13:02 | Wisp |
| 13:02 | Wisp |
| 13:02 | Wisp |
| 13:27 | Moon Well |
| 13:35 | Moon Well |
| 13:45 | Moon Well |
| 13:49 | Boots of Speed |
| 13:51 | Periapt of Vitality |
| 13:59 | Staff of Teleportation |
| 14:04 | Wisp |
| 14:55 | Forked Lightning |
| 15:04 | Moon Well |
| 15:13 | Nature's Blessing |
| 15:21 | Ultravision |
| 17:00 | Staff of Sanctuary |
| 17:13 | Staff of Sanctuary |
| 17:34 | Staff of Sanctuary |
| 18:32 | Moon Well |
| 18:33 | Moon Well |
| 18:33 | Moon Well |
| 18:39 | Soul Burn |
| 19:58 | Tree of Life |
| 21:27 | Frost Arrows |
| 21:56 | Force of Nature |
| 22:26 | Wisp |
| Right click | 1178 |
| Select | 877 |
| Select group | 451 |
| Resource trade | 131 |
| Build/train/purchase | 66 |
| Use ability | 52 |
| Assign group | 51 |
| Chat | 48 |
| Minimap ping | 14 |
| Item give/drop | 4 |
| Remove unit | 1 |



x1)
| Lesser Clarity Potion | 1 | 70 |
| Boots of Speed | 3 | 750 |
| Staff of Teleportation | 3 | 450 |
| Circlet of Nobility | 2 | 350 |
| Tome of Retraining | 1 | 300 |
| Healing Salve | 3 | 300 |
| Scroll of Speed | 1 | 50 |
| total: | 14 | 2270g |
| Peasant | 30 | 2250 | / | 0 |
| Priest | 1 | 135 | / | 10 |
| total: | 31 | 2385g | / | 10w |
| Scout Tower | 95 | 2850 | / | 1900 |
| Arcane Tower | 9 | 630 | / | 450 |
| Guard Tower | 40 | 2800 | / | 2000 |
| Altar of Kings | 1 | 180 | / | 50 |
| Farm | 3 | 240 | / | 60 |
| Lumber Mill | 1 | 120 | / | 0 |
| Town Hall | 5 | 1925 | / | 1025 |
| Arcane Vault | 3 | 390 | / | 90 |
| Arcane Sanctum | 1 | 150 | / | 140 |
| Keep | 1 | 320 | / | 210 |
| Castle | 1 | 360 | / | 210 |
| total: | 109 | 5855g | / | 3265w |
| 0:02 | Peasant |
| 0:06 | Altar of Kings |
| 0:12 | Farm |
| 0:12 | Peasant |
| 0:23 | Lumber Mill |
| 0:24 | Peasant |
| 0:36 | Farm |
| 0:50 | Peasant |
| 1:00 | Peasant |
| 1:07 | Scout Tower |
| 1:11 | Scout Tower |
| 1:13 | Peasant |
| 1:22 | Peasant |
| 1:33 | Peasant |
| 1:46 | Arcane Tower |
| 1:47 | Peasant |
| 1:51 | Peasant |
| 1:57 | Arcane Tower |
| 2:05 | Summon Water Elemental |
| 2:09 | Peasant |
| 2:10 | Improved Masonry |
| 2:19 | Scout Tower |
| 2:21 | Peasant |
| 2:37 | Peasant |
| 2:38 | Peasant |
| 2:40 | Scout Tower |
| 2:42 | Scout Tower |
| 3:04 | Guard Tower |
| 3:17 | Brilliance Aura |
| 3:42 | Town Hall |
| 3:46 | Scout Tower |
| 3:47 | Scout Tower |
| 4:01 | Guard Tower |
| 4:02 | Scout Tower |
| 4:14 | Farm |
| 4:19 | Arcane Tower |
| 5:11 | Guard Tower |
| 5:11 | Scout Tower |
| 5:12 | Keep |
| 5:15 | Guard Tower |
| 5:17 | Scout Tower |
| 5:18 | Scout Tower |
| 5:19 | Scout Tower |
| 5:19 | Scout Tower |
| 5:39 | Boots of Speed |
| 5:51 | Guard Tower |
| 5:52 | Peasant |
| 5:52 | Peasant |
| 5:54 | Guard Tower |
| 5:55 | Scout Tower |
| 5:57 | Scout Tower |
| 6:09 | Peasant |
| 6:11 | Guard Tower |
| 6:20 | Scout Tower |
| 6:23 | Healing Salve |
| 6:24 | Scroll of Speed |
| 8:01 | Guard Tower |
| 8:07 | Guard Tower |
| 8:08 | Castle |
| 8:09 | Scout Tower |
| 8:10 | Scout Tower |
| 8:11 | Advanced Masonry |
| 8:13 | Arcane Sanctum |
| 8:15 | Peasant |
| 8:15 | Peasant |
| 8:24 | Boots of Speed |
| 8:43 | Guard Tower |
| 8:45 | Improved Lumber Harvesting |
| 8:53 | Arcane Vault |
| 8:54 | Scout Tower |
| 8:54 | Scout Tower |
| 8:55 | Scout Tower |
| 8:56 | Scout Tower |
| 9:05 | Storm Bolt |
| 9:11 | Guard Tower |
| 9:12 | Scout Tower |
| 9:14 | Scout Tower |
| 9:15 | Scout Tower |
| 9:19 | Town Hall |
| 9:22 | Scout Tower |
| 9:22 | Scout Tower |
| 9:23 | Scout Tower |
| 9:23 | Scout Tower |
| 9:24 | Scout Tower |
| 9:24 | Scout Tower |
| 9:26 | Healing Salve |
| 9:29 | Lesser Clarity Potion |
| 9:31 | Healing Salve |
| 9:34 | Magic Sentry |
| 9:37 | Scout Tower |
| 9:50 | Arcane Tower |
| 10:12 | Arcane Tower |
| 10:14 | Priest Adept Training |
| 10:14 | Priest |
| 10:23 | Arcane Tower |
| 10:24 | Scout Tower |
| 10:25 | Scout Tower |
| 10:31 | Peasant |
| 10:31 | Peasant |
| 10:35 | Summon Water Elemental |
| 10:51 | Guard Tower |
| 10:52 | Scout Tower |
| 11:25 | Scout Tower |
| 11:25 | Guard Tower |
| 11:49 | Town Hall |
| 11:50 | Scout Tower |
| 11:51 | Scout Tower |
| 11:51 | Scout Tower |
| 11:52 | Scout Tower |
| 11:52 | Scout Tower |
| 11:53 | Scout Tower |
| 11:54 | Imbued Masonry |
| 12:05 | Guard Tower |
| 12:08 | Scout Tower |
| 12:12 | Peasant |
| 12:12 | Peasant |
| 12:18 | Peasant |
| 12:18 | Peasant |
| 12:20 | Advanced Lumber Harvesting |
| 13:04 | Arcane Tower |
| 13:05 | Guard Tower |
| 13:09 | Guard Tower |
| 13:10 | Peasant |
| 13:10 | Peasant |
| 13:10 | Peasant |
| 13:12 | Scout Tower |
| 13:13 | Scout Tower |
| 13:13 | Scout Tower |
| 13:15 | Scout Tower |
| 13:16 | Scout Tower |
| 13:16 | Scout Tower |
| 13:17 | Scout Tower |
| 13:18 | Scout Tower |
| 13:20 | Guard Tower |
| 13:21 | Scout Tower |
| 13:22 | Scout Tower |
| 13:23 | Scout Tower |
| 13:23 | Scout Tower |
| 13:44 | Scout Tower |
| 13:44 | Scout Tower |
| 13:47 | Guard Tower |
| 13:51 | Peasant |
| 14:21 | Arcane Tower |
| 14:22 | Guard Tower |
| 14:28 | Scout Tower |
| 14:30 | Staff of Teleportation |
| 14:31 | Circlet of Nobility |
| 14:58 | Guard Tower |
| 14:59 | Scout Tower |
| 15:00 | Scout Tower |
| 15:00 | Scout Tower |
| 15:04 | Guard Tower |
| 15:06 | Holy Light |
| 15:10 | Guard Tower |
| 15:11 | Scout Tower |
| 15:13 | Scout Tower |
| 15:14 | Peasant |
| 15:17 | Bash |
| 15:20 | Guard Tower |
| 15:40 | Scout Tower |
| 15:41 | Scout Tower |
| 15:51 | Guard Tower |
| 15:53 | Scout Tower |
| 15:54 | Scout Tower |
| 16:00 | Boots of Speed |
| 16:11 | Guard Tower |
| 16:14 | Scout Tower |
| 16:15 | Scout Tower |
| 16:17 | Arcane Vault |
| 16:30 | Guard Tower |
| 16:32 | Scout Tower |
| 16:33 | Scout Tower |
| 16:47 | Guard Tower |
| 16:48 | Guard Tower |
| 16:49 | Scout Tower |
| 17:00 | Guard Tower |
| 17:08 | Priest Master Training |
| 17:16 | Staff of Teleportation |
| 17:19 | Circlet of Nobility |
| 17:33 | Guard Tower |
| 17:34 | Scout Tower |
| 17:34 | Scout Tower |
| 17:35 | Scout Tower |
| 17:35 | Scout Tower |
| 17:36 | Scout Tower |
| 17:37 | Scout Tower |
| 17:41 | Guard Tower |
| 17:42 | Scout Tower |
| 17:54 | Town Hall |
| 18:10 | Tome of Retraining |
| 18:10 | Retrain Hero |
| 18:12 | Blizzard |
| 18:13 | Blizzard |
| 18:13 | Brilliance Aura |
| 18:18 | Arcane Vault |
| 18:19 | Guard Tower |
| 18:41 | Divine Shield |
| 19:00 | Guard Tower |
| 19:16 | Brilliance Aura |
| 19:34 | Guard Tower |
| 19:41 | Storm Bolt |
| 19:46 | Guard Tower |
| 19:59 | Scout Tower |
| 19:59 | Scout Tower |
| 20:00 | Scout Tower |
| 20:00 | Scout Tower |
| 20:01 | Scout Tower |
| 20:01 | Scout Tower |
| 20:02 | Scout Tower |
| 20:03 | Scout Tower |
| 20:15 | Guard Tower |
| 20:20 | Scout Tower |
| 20:21 | Scout Tower |
| 20:22 | Scout Tower |
| 20:23 | Scout Tower |
| 20:24 | Scout Tower |
| 20:39 | Arcane Tower |
| 20:44 | Staff of Teleportation |
| 20:50 | Guard Tower |
| 22:22 | Guard Tower |
| 22:23 | Guard Tower |
| 22:25 | Scout Tower |
| 22:26 | Scout Tower |
| 22:26 | Scout Tower |
| 22:38 | Guard Tower |
| 22:41 | Town Hall |
| 22:59 | Holy Light |
| Right click | 1332 |
| Select group | 742 |
| Select | 443 |
| Assign group | 302 |
| Build/train/purchase | 165 |
| Use ability | 64 |
| Misc. action | 12 |
| Remove unit | 3 |
| Item give/drop | 2 |


| Healing Salve | 2 | 200 |
| Orb of Lightning | 1 | 375 |
| Boots of Speed | 2 | 500 |
| Staff of Teleportation | 2 | 300 |
| Periapt of Vitality | 1 | 325 |
| total: | 8 | 1700g |
| Peon | 24 | 1800 | / | 0 |
| Troll Batrider | 7 | 1120 | / | 280 |
| total: | 31 | 2920g | / | 280w |
| Watch Tower | 30 | 3300 | / | 2400 |
| Altar of Storms | 1 | 180 | / | 50 |
| Orc Burrow | 3 | 480 | / | 120 |
| War Mill | 1 | 205 | / | 0 |
| Voodoo Lounge | 1 | 130 | / | 30 |
| Great Hall | 2 | 770 | / | 370 |
| Beastiary | 2 | 290 | / | 280 |
| Stronghold | 1 | 315 | / | 190 |
| Fortress | 1 | 325 | / | 190 |
| total: | 40 | 5355g | / | 3250w |
| 0:02 | Peon |
| 0:02 | Peon |
| 0:05 | Altar of Storms |
| 0:18 | Orc Burrow |
| 0:22 | Peon |
| 0:38 | War Mill |
| 0:46 | Peon |
| 0:58 | Peon |
| 1:11 | Voodoo Lounge |
| 1:16 | Peon |
| 1:27 | Peon |
| 1:44 | Peon |
| 1:50 | Watch Tower |
| 2:02 | Peon |
| 2:07 | Orc Burrow |
| 2:10 | Wind Walk |
| 2:14 | Healing Salve |
| 2:33 | Watch Tower |
| 3:09 | Peon |
| 3:09 | Peon |
| 3:11 | Watch Tower |
| 3:23 | Peon |
| 3:26 | Watch Tower |
| 4:06 | Stronghold |
| 4:08 | Watch Tower |
| 4:17 | Watch Tower |
| 4:26 | Watch Tower |
| 5:36 | Orc Burrow |
| 5:42 | Watch Tower |
| 5:45 | Watch Tower |
| 5:46 | Watch Tower |
| 7:09 | Watch Tower |
| 7:11 | Great Hall |
| 7:13 | Watch Tower |
| 7:26 | Hex |
| 7:34 | Watch Tower |
| 7:51 | Watch Tower |
| 8:50 | Watch Tower |
| 8:58 | Watch Tower |
| 9:15 | Boots of Speed |
| 9:16 | Staff of Teleportation |
| 9:27 | Critical Strike |
| 9:39 | Peon |
| 9:40 | Peon |
| 9:43 | Reinforced Defenses |
| 10:14 | Peon |
| 10:14 | Peon |
| 10:14 | Peon |
| 10:18 | Watch Tower |
| 10:19 | Peon |
| 10:45 | Fortress |
| 11:03 | Beastiary |
| 11:05 | Beastiary |
| 11:09 | Watch Tower |
| 11:11 | Watch Tower |
| 11:13 | Boots of Speed |
| 11:31 | Watch Tower |
| 11:37 | Watch Tower |
| 11:38 | Spiked Barricades |
| 11:47 | Steel Ranged Weapons |
| 12:22 | Peon |
| 12:37 | Watch Tower |
| 12:46 | Peon |
| 12:47 | Peon |
| 12:50 | Troll Batrider |
| 13:08 | Watch Tower |
| 13:21 | Orb of Lightning |
| 13:57 | Watch Tower |
| 13:58 | Watch Tower |
| 14:03 | Peon |
| 14:03 | Peon |
| 14:03 | Peon |
| 14:12 | Healing Wave |
| 14:21 | Watch Tower |
| 14:25 | Healing Salve |
| 14:29 | Troll Batrider |
| 14:40 | Watch Tower |
| 15:01 | Troll Batrider |
| 15:48 | Troll Batrider |
| 16:06 | Periapt of Vitality |
| 16:06 | Staff of Teleportation |
| 17:00 | Liquid Fire |
| 17:25 | Troll Batrider |
| 19:45 | Wind Walk |
| 19:53 | Troll Batrider |
| 20:10 | Great Hall |
| 20:18 | Watch Tower |
| 21:07 | Troll Batrider |
| 21:08 | Thorium Ranged Weapons |
| 21:09 | Improved Spiked Barricades |
| 21:28 | Watch Tower |
| 22:27 | Arcanite Ranged Weapons |
| 22:42 | Watch Tower |
| 22:52 | Healing Wave |
| Right click | 1417 |
| Select | 388 |
| Select group | 365 |
| Misc. action | 88 |
| Build/train/purchase | 81 |
| Use ability | 31 |
| Assign group | 10 |
| Minimap ping | 7 |
| Item give/drop | 1 |
| Remove unit | 1 |



| Potion of Healing | 1 | 150 |
| Staff of Sanctuary | 3 | 750 |
| Potion of Mana | 2 | 400 |
| Staff of Teleportation | 3 | 450 |
| Boots of Speed | 3 | 750 |
| Periapt of Vitality | 1 | 325 |
| Circlet of Nobility | 1 | 175 |
| Healing Salve | 1 | 100 |
| Orb of Lightning | 1 | 375 |
| total: | 16 | 3475g |
| Peasant | 20 | 1500 | / | 0 |
| Priest | 1 | 135 | / | 10 |
| total: | 21 | 1635g | / | 10w |
| Scout Tower | 204 | 6120 | / | 4080 |
| Arcane Tower | 11 | 770 | / | 550 |
| Guard Tower | 82 | 5740 | / | 4100 |
| Altar of Kings | 1 | 180 | / | 50 |
| Farm | 4 | 320 | / | 80 |
| Lumber Mill | 1 | 120 | / | 0 |
| Town Hall | 2 | 770 | / | 410 |
| Arcane Vault | 2 | 260 | / | 60 |
| Arcane Sanctum | 1 | 150 | / | 140 |
| Keep | 1 | 320 | / | 210 |
| Castle | 1 | 360 | / | 210 |
| total: | 215 | 7920g | / | 4820w |
| 0:02 | Peasant |
| 0:02 | Peasant |
| 0:10 | Altar of Kings |
| 0:15 | Peasant |
| 0:19 | Farm |
| 0:22 | Peasant |
| 0:37 | Farm |
| 0:39 | Scout Tower |
| 0:39 | Peasant |
| 0:52 | Peasant |
| 1:04 | Lumber Mill |
| 1:17 | Scout Tower |
| 1:19 | Scout Tower |
| 1:19 | Scout Tower |
| 1:20 | Scout Tower |
| 1:20 | Scout Tower |
| 1:21 | Scout Tower |
| 1:22 | Scout Tower |
| 1:23 | Scout Tower |
| 1:25 | Scout Tower |
| 1:31 | Scout Tower |
| 1:31 | Scout Tower |
| 1:37 | Peasant |
| 1:37 | Peasant |
| 1:37 | Peasant |
| 1:41 | Scout Tower |
| 1:50 | Arcane Tower |
| 2:08 | Scout Tower |
| 2:09 | Arcane Tower |
| 2:11 | Blizzard |
| 2:25 | Guard Tower |
| 2:27 | Scout Tower |
| 2:40 | Guard Tower |
| 2:42 | Scout Tower |
| 2:43 | Scout Tower |
| 2:43 | Scout Tower |
| 2:45 | Scout Tower |
| 2:46 | Guard Tower |
| 2:47 | Peasant |
| 2:47 | Peasant |
| 2:47 | Peasant |
| 2:47 | Improved Masonry |
| 2:48 | Advanced Masonry |
| 2:56 | Guard Tower |
| 3:13 | Guard Tower |
| 3:14 | Scout Tower |
| 3:15 | Scout Tower |
| 3:16 | Guard Tower |
| 3:17 | Scout Tower |
| 3:17 | Scout Tower |
| 3:28 | Guard Tower |
| 3:42 | Staff of Teleportation |
| 3:42 | Boots of Speed |
| 3:50 | Guard Tower |
| 3:50 | Guard Tower |
| 3:54 | Healing Salve |
| 4:16 | Keep |
| 4:27 | Town Hall |
| 4:43 | Guard Tower |
| 4:45 | Scout Tower |
| 4:45 | Scout Tower |
| 4:47 | Scout Tower |
| 4:51 | Scout Tower |
| 4:52 | Scout Tower |
| 4:53 | Scout Tower |
| 4:53 | Scout Tower |
| 4:54 | Scout Tower |
| 4:54 | Scout Tower |
| 5:09 | Guard Tower |
| 5:10 | Guard Tower |
| 5:11 | Scout Tower |
| 5:11 | Scout Tower |
| 5:12 | Scout Tower |
| 5:12 | Scout Tower |
| 5:13 | Scout Tower |
| 5:14 | Scout Tower |
| 5:14 | Scout Tower |
| 5:18 | Farm |
| 5:18 | Farm |
| 5:29 | Guard Tower |
| 5:33 | Scout Tower |
| 5:33 | Scout Tower |
| 5:34 | Scout Tower |
| 5:34 | Scout Tower |
| 6:12 | Guard Tower |
| 6:19 | Brilliance Aura |
| 6:43 | Potion of Healing |
| 7:01 | Guard Tower |
| 7:02 | Guard Tower |
| 7:13 | Scout Tower |
| 7:14 | Scout Tower |
| 7:14 | Scout Tower |
| 7:15 | Scout Tower |
| 7:36 | Guard Tower |
| 7:57 | Storm Bolt |
| 8:13 | Castle |
| 8:28 | Guard Tower |
| 8:29 | Arcane Tower |
| 8:29 | Arcane Tower |
| 8:34 | Scout Tower |
| 8:34 | Scout Tower |
| 8:35 | Scout Tower |
| 8:35 | Scout Tower |
| 8:50 | Guard Tower |
| 8:53 | Peasant |
| 9:50 | Boots of Speed |
| 10:06 | Arcane Tower |
| 10:06 | Guard Tower |
| 10:06 | Guard Tower |
| 10:07 | Peasant |
| 10:07 | Peasant |
| 10:10 | Imbued Masonry |
| 10:10 | Improved Lumber Harvesting |
| 10:12 | Arcane Sanctum |
| 10:14 | Arcane Vault |
| 10:16 | Arcane Vault |
| 10:22 | Scout Tower |
| 10:22 | Scout Tower |
| 10:24 | Scout Tower |
| 10:25 | Scout Tower |
| 10:25 | Scout Tower |
| 10:26 | Scout Tower |
| 10:26 | Scout Tower |
| 10:27 | Scout Tower |
| 10:28 | Scout Tower |
| 10:28 | Scout Tower |
| 10:29 | Scout Tower |
| 10:30 | Scout Tower |
| 10:41 | Arcane Tower |
| 11:04 | Periapt of Vitality |
| 11:06 | Staff of Teleportation |
| 11:12 | Circlet of Nobility |
| 11:15 | Guard Tower |
| 11:24 | Scout Tower |
| 11:25 | Scout Tower |
| 11:25 | Scout Tower |
| 11:26 | Scout Tower |
| 11:26 | Scout Tower |
| 11:27 | Scout Tower |
| 11:28 | Scout Tower |
| 11:34 | Holy Light |
| 11:36 | Staff of Sanctuary |
| 11:57 | Staff of Teleportation |
| 11:58 | Boots of Speed |
| 12:10 | Guard Tower |
| 12:14 | Scout Tower |
| 12:14 | Guard Tower |
| 12:21 | Guard Tower |
| 12:24 | Scout Tower |
| 12:24 | Scout Tower |
| 12:25 | Scout Tower |
| 12:25 | Scout Tower |
| 12:26 | Scout Tower |
| 12:26 | Scout Tower |
| 12:28 | Scout Tower |
| 12:28 | Scout Tower |
| 12:28 | Scout Tower |
| 12:29 | Scout Tower |
| 12:29 | Scout Tower |
| 12:30 | Scout Tower |
| 12:30 | Scout Tower |
| 12:31 | Scout Tower |
| 13:17 | Guard Tower |
| 13:20 | Scout Tower |
| 13:21 | Scout Tower |
| 13:21 | Scout Tower |
| 13:22 | Scout Tower |
| 13:23 | Scout Tower |
| 13:23 | Scout Tower |
| 13:24 | Scout Tower |
| 13:24 | Scout Tower |
| 13:26 | Guard Tower |
| 13:28 | Magic Sentry |
| 13:29 | Priest |
| 13:48 | Staff of Sanctuary |
| 13:58 | Guard Tower |
| 14:13 | Staff of Sanctuary |
| 14:33 | Peasant |
| 14:34 | Peasant |
| 14:34 | Peasant |
| 14:50 | Guard Tower |
| 14:57 | Scout Tower |
| 14:57 | Scout Tower |
| 14:58 | Scout Tower |
| 14:58 | Scout Tower |
| 15:07 | Scout Tower |
| 15:07 | Scout Tower |
| 15:08 | Scout Tower |
| 15:08 | Scout Tower |
| 15:08 | Scout Tower |
| 15:09 | Scout Tower |
| 15:09 | Scout Tower |
| 15:10 | Scout Tower |
| 15:11 | Scout Tower |
| 15:11 | Scout Tower |
| 15:12 | Scout Tower |
| 15:12 | Scout Tower |
| 15:13 | Scout Tower |
| 15:13 | Scout Tower |
| 15:13 | Scout Tower |
| 15:14 | Scout Tower |
| 15:18 | Scout Tower |
| 15:18 | Scout Tower |
| 15:19 | Scout Tower |
| 15:20 | Scout Tower |
| 15:21 | Scout Tower |
| 15:21 | Scout Tower |
| 15:23 | Scout Tower |
| 15:24 | Scout Tower |
| 15:24 | Scout Tower |
| 15:25 | Scout Tower |
| 15:46 | Guard Tower |
| 15:57 | Guard Tower |
| 15:59 | Scout Tower |
| 16:00 | Scout Tower |
| 16:00 | Scout Tower |
| 16:01 | Scout Tower |
| 16:12 | Town Hall |
| 16:16 | Scout Tower |
| 16:16 | Scout Tower |
| 16:17 | Scout Tower |
| 16:18 | Scout Tower |
| 16:18 | Scout Tower |
| 16:19 | Scout Tower |
| 16:19 | Scout Tower |
| 16:20 | Scout Tower |
| 16:21 | Scout Tower |
| 16:23 | Scout Tower |
| 16:24 | Scout Tower |
| 16:25 | Scout Tower |
| 16:25 | Scout Tower |
| 16:25 | Scout Tower |
| 16:26 | Scout Tower |
| 16:27 | Guard Tower |
| 16:35 | Scout Tower |
| 16:36 | Scout Tower |
| 16:36 | Scout Tower |
| 16:37 | Scout Tower |
| 16:38 | Scout Tower |
| 16:38 | Scout Tower |
| 16:39 | Scout Tower |
| 16:39 | Scout Tower |
| 16:40 | Guard Tower |
| 16:44 | Guard Tower |
| 17:00 | Guard Tower |
| 17:08 | Guard Tower |
| 17:09 | Guard Tower |
| 17:18 | Scout Tower |
| 17:19 | Scout Tower |
| 17:19 | Scout Tower |
| 17:20 | Scout Tower |
| 17:21 | Scout Tower |
| 17:22 | Scout Tower |
| 17:22 | Scout Tower |
| 17:22 | Scout Tower |
| 17:31 | Orb of Lightning |
| 17:34 | Guard Tower |
| 17:36 | Arcane Tower |
| 17:36 | Guard Tower |
| 17:39 | Peasant |
| 17:39 | Peasant |
| 17:48 | Potion of Mana |
| 17:48 | Potion of Mana |
| 18:06 | Guard Tower |
| 18:07 | Guard Tower |
| 18:29 | Guard Tower |
| 18:43 | Scout Tower |
| 18:44 | Scout Tower |
| 18:45 | Scout Tower |
| 18:45 | Scout Tower |
| 18:46 | Scout Tower |
| 18:46 | Scout Tower |
| 18:47 | Scout Tower |
| 18:47 | Scout Tower |
| 19:15 | Bash |
| 19:24 | Guard Tower |
| 19:25 | Guard Tower |
| 19:27 | Scout Tower |
| 19:27 | Scout Tower |
| 19:28 | Scout Tower |
| 19:29 | Scout Tower |
| 19:33 | Blizzard |
| 19:37 | Guard Tower |
| 19:41 | Arcane Tower |
| 20:12 | Guard Tower |
| 20:17 | Scout Tower |
| 20:18 | Scout Tower |
| 20:18 | Scout Tower |
| 20:18 | Scout Tower |
| 20:19 | Scout Tower |
| 20:19 | Scout Tower |
| 20:19 | Scout Tower |
| 20:20 | Scout Tower |
| 20:20 | Scout Tower |
| 20:20 | Scout Tower |
| 20:23 | Guard Tower |
| 20:28 | Scout Tower |
| 20:28 | Scout Tower |
| 20:33 | Scout Tower |
| 20:33 | Scout Tower |
| 20:34 | Scout Tower |
| 20:34 | Scout Tower |
| 20:35 | Scout Tower |
| 20:35 | Scout Tower |
| 20:35 | Scout Tower |
| 20:36 | Scout Tower |
| 20:55 | Guard Tower |
| 21:31 | Guard Tower |
| 21:34 | Guard Tower |
| 21:51 | Scout Tower |
| 21:52 | Scout Tower |
| 21:53 | Scout Tower |
| 21:53 | Scout Tower |
| 21:53 | Scout Tower |
| 21:53 | Scout Tower |
| 21:54 | Scout Tower |
| 21:54 | Scout Tower |
| 22:05 | Divine Shield |
| 22:25 | Guard Tower |
| 22:27 | Guard Tower |
| 22:30 | Guard Tower |
| 22:34 | Scout Tower |
| 22:35 | Scout Tower |
| 22:35 | Scout Tower |
| 22:35 | Scout Tower |
| 22:36 | Scout Tower |
| 22:36 | Scout Tower |
| Right click | 1745 |
| Select | 579 |
| Select group | 349 |
| Build/train/purchase | 187 |
| Chat | 82 |
| Use ability | 61 |
| Minimap ping | 10 |
| Assign group | 8 |
| Misc. action | 6 |
| Item give/drop | 4 |
| Esc | 1 |
192 units @ 22k
/ 2.3k
108 buildings @ 17.8k
/ 8.7k


| Healing Salve | 2 | 200 |
| Periapt of Vitality | 1 | 325 |
| total: | 3 | 525g |
| Peon | 13 | 975 | / | 0 |
| Grunt | 10 | 2000 | / | 0 |
| Troll Headhunter | 4 | 560 | / | 80 |
| Raider | 4 | 720 | / | 160 |
| total: | 31 | 4255g | / | 240w |
| Watch Tower | 13 | 1430 | / | 1040 |
| Altar of Storms | 1 | 180 | / | 50 |
| Orc Burrow | 7 | 1120 | / | 280 |
| Barracks | 2 | 360 | / | 100 |
| War Mill | 1 | 205 | / | 0 |
| Voodoo Lounge | 1 | 130 | / | 30 |
| Great Hall | 2 | 770 | / | 370 |
| Beastiary | 1 | 145 | / | 140 |
| Tauren Totem | 2 | 270 | / | 310 |
| Stronghold | 1 | 315 | / | 190 |
| Fortress | 1 | 325 | / | 190 |
| total: | 30 | 4610g | / | 2320w |
| 0:03 | Peon |
| 0:03 | Peon |
| 0:22 | Altar of Storms |
| 0:25 | Orc Burrow |
| 0:39 | Peon |
| 0:39 | Peon |
| 1:13 | Barracks |
| 1:26 | Peon |
| 1:33 | War Mill |
| 1:51 | Voodoo Lounge |
| 2:06 | Peon |
| 2:06 | Peon |
| 2:13 | Orc Burrow |
| 2:19 | Grunt |
| 2:25 | Peon |
| 2:43 | Endurance Aura |
| 2:52 | Steel Armor |
| 3:04 | Grunt |
| 3:30 | Steel Melee Weapons |
| 3:36 | Watch Tower |
| 3:48 | Troll Headhunter |
| 3:48 | Troll Headhunter |
| 4:03 | Healing Salve |
| 4:23 | Pillage |
| 4:29 | Orc Burrow |
| 5:02 | Orc Burrow |
| 5:14 | Shockwave |
| 5:20 | Periapt of Vitality |
| 5:49 | Grunt |
| 5:54 | Stronghold |
| 7:24 | Grunt |
| 7:24 | Grunt |
| 7:38 | Barracks |
| 7:42 | Steel Ranged Weapons |
| 8:16 | Beastiary |
| 8:57 | Berserker Strength |
| 8:58 | Grunt |
| 9:31 | Ensnare |
| 9:32 | Grunt |
| 9:36 | Thorium Armor |
| 9:44 | Great Hall |
| 10:02 | Raider |
| 10:10 | Healing Salve |
| 10:26 | Troll Headhunter |
| 10:54 | Raider |
| 10:57 | Watch Tower |
| 11:35 | Raider |
| 12:35 | Healing Wave |
| 12:52 | Watch Tower |
| 12:53 | Watch Tower |
| 12:54 | Fortress |
| 12:56 | Grunt |
| 13:59 | Grunt |
| 14:00 | Grunt |
| 14:08 | Watch Tower |
| 14:08 | Peon |
| 14:08 | Peon |
| 14:09 | Peon |
| 14:09 | Peon |
| 14:09 | Peon |
| 14:15 | Endurance Aura |
| 14:47 | Raider |
| 14:52 | Tauren Totem |
| 14:55 | Tauren Totem |
| 15:12 | Watch Tower |
| 15:50 | Watch Tower |
| 15:52 | Watch Tower |
| 16:16 | Watch Tower |
| 16:32 | Orc Burrow |
| 16:34 | Orc Burrow |
| 16:34 | Orc Burrow |
| 17:04 | Troll Headhunter |
| 17:37 | Watch Tower |
| 17:39 | Watch Tower |
| 18:27 | Great Hall |
| 19:34 | Watch Tower |
| 19:34 | Watch Tower |
| Right click | 1015 |
| Select | 231 |
| Build/train/purchase | 51 |
| Select group | 42 |
| Minimap ping | 25 |
| Use ability | 19 |
| Assign group | 14 |
| Misc. action | 5 |
| Esc | 2 |

| Scroll of Town Portal | 2 | 700 |
| total: | 2 | 700g |
| Wisp | 21 | 1260 | / | 0 |
| Archer | 7 | 910 | / | 70 |
| Glaive Thrower | 8 | 1680 | / | 520 |
| Huntress | 13 | 2535 | / | 260 |
| total: | 49 | 6385g | / | 850w |
| Ancient of War | 1 | 150 | / | 60 |
| Altar of Elders | 1 | 180 | / | 50 |
| Moon Well | 12 | 2160 | / | 480 |
| Hunter's Hall | 1 | 210 | / | 100 |
| Ancient of Wonders | 1 | 90 | / | 30 |
| Tree of Life | 3 | 1020 | / | 555 |
| Tree of Ages | 1 | 320 | / | 180 |
| Tree of Eternity | 1 | 330 | / | 200 |
| total: | 19 | 3810g | / | 1275w |
| 0:12 | Ancient of War |
| 0:17 | Altar of Elders |
| 0:18 | Wisp |
| 0:19 | Wisp |
| 0:21 | Wisp |
| 0:21 | Wisp |
| 0:49 | Moon Well |
| 1:13 | Wisp |
| 1:13 | Wisp |
| 1:14 | Wisp |
| 1:53 | Archer |
| 1:53 | Archer |
| 1:57 | Wisp |
| 2:32 | Moon Well |
| 2:36 | Moon Well |
| 2:54 | Fan of Knives |
| 3:33 | Archer |
| 3:33 | Archer |
| 3:34 | Archer |
| 3:36 | Archer |
| 3:37 | Archer |
| 4:08 | Blink |
| 4:19 | Tree of Ages |
| 4:26 | Hunter's Hall |
| 4:29 | Moon Well |
| 4:31 | Ancient of Wonders |
| 5:55 | Moon Armor |
| 5:56 | Strength of the Moon |
| 5:59 | Ultravision |
| 6:01 | Glaive Thrower |
| 6:36 | Fan of Knives |
| 6:40 | Wisp |
| 6:40 | Wisp |
| 6:40 | Wisp |
| 6:40 | Wisp |
| 6:41 | Wisp |
| 6:44 | Wisp |
| 7:52 | Improved Bows |
| 7:52 | Huntress |
| 7:54 | Glaive Thrower |
| 7:54 | Huntress |
| 7:56 | Huntress |
| 7:58 | Huntress |
| 8:08 | Tree of Life |
| 9:00 | Vorpal Blades |
| 9:27 | Blink |
| 9:35 | Wisp |
| 9:36 | Wisp |
| 9:36 | Wisp |
| 9:36 | Wisp |
| 9:36 | Wisp |
| 9:36 | Wisp |
| 9:48 | Glaive Thrower |
| 9:48 | Glaive Thrower |
| 9:52 | Improved Moon Armor |
| 10:23 | Tree of Life |
| 11:20 | Wisp |
| 12:02 | Moon Well |
| 12:03 | Moon Well |
| 12:05 | Moon Well |
| 12:08 | Moon Well |
| 12:13 | Moon Glaive |
| 13:02 | Moon Well |
| 13:03 | Moon Well |
| 13:05 | Moon Well |
| 13:06 | Moon Well |
| 13:34 | Tree of Eternity |
| 14:23 | Improved Strength of the Moon |
| 14:29 | Huntress |
| 14:29 | Huntress |
| 14:32 | Glaive Thrower |
| 16:46 | Huntress |
| 16:46 | Huntress |
| 16:47 | Glaive Thrower |
| 16:48 | Huntress |
| 16:48 | Huntress |
| 16:51 | Scroll of Town Portal |
| 16:51 | Scroll of Town Portal |
| 19:17 | Glaive Thrower |
| 19:17 | Glaive Thrower |
| 19:17 | Huntress |
| 19:18 | Huntress |
| 19:18 | Huntress |
| 19:29 | Tree of Life |
| 19:54 | Shadow Strike |
| 20:32 | Advanced Strength of the Moon |
| 20:33 | Advanced Moon Armor |
| 20:33 | Well Spring |
| Right click | 697 |
| Select | 195 |
| Build/train/purchase | 102 |
| Resource trade | 42 |
| Select group | 37 |
| Assign group | 13 |
| Misc. action | 12 |
| Use ability | 11 |
| Remove unit | 3 |
| Item give/drop | 1 |


| Rod of Necromancy | 1 | 150 |
| total: | 1 | 150g |
| Acolyte | 5 | 375 | / | 0 |
| Ghoul | 14 | 1680 | / | 0 |
| Meat Wagon | 7 | 1610 | / | 350 |
| Crypt Fiend | 6 | 1290 | / | 240 |
| Obsidian Statue | 3 | 600 | / | 105 |
| Necromancer | 2 | 290 | / | 40 |
| Banshee | 3 | 465 | / | 90 |
| total: | 40 | 6310g | / | 825w |
| Nerubian Tower | 1 | 100 | / | 20 |
| Spirit Tower | 1 | 145 | / | 40 |
| Altar of Darkness | 1 | 180 | / | 50 |
| Ziggurat | 6 | 900 | / | 300 |
| Crypt | 1 | 200 | / | 50 |
| Tomb of Relics | 1 | 130 | / | 30 |
| Graveyard | 1 | 215 | / | 0 |
| Slaughterhouse | 1 | 140 | / | 135 |
| Temple of the Damned | 1 | 155 | / | 140 |
| Halls of the Dead | 1 | 320 | / | 210 |
| Black Citadel | 1 | 325 | / | 230 |
| total: | 12 | 1920g | / | 705w |
| 0:07 | Acolyte |
| 0:10 | Altar of Darkness |
| 0:12 | Ziggurat |
| 0:16 | Acolyte |
| 0:18 | Acolyte |
| 0:38 | Crypt |
| 1:26 | Ziggurat |
| 1:29 | Tomb of Relics |
| 1:39 | Ghoul |
| 1:40 | Ghoul |
| 1:59 | Ghoul |
| 2:10 | Graveyard |
| 2:17 | Vampiric Aura |
| 2:22 | Cannibalize |
| 2:33 | Rod of Necromancy |
| 2:53 | Acolyte |
| 3:05 | Nerubian Tower |
| 3:10 | Acolyte |
| 3:23 | Ghoul |
| 3:40 | Ghoul |
| 4:13 | Ghoul |
| 4:18 | Halls of the Dead |
| 4:44 | Ghoul |
| 4:44 | Ghoul |
| 5:18 | Spirit Tower |
| 5:29 | Creature Attack |
| 5:45 | Ghoul |
| 5:46 | Ghoul |
| 6:00 | Ziggurat |
| 6:20 | Ghoul |
| 6:21 | Ghoul |
| 7:25 | Creature Carapace |
| 7:26 | Ghoul |
| 7:27 | Ghoul |
| 7:34 | Ziggurat |
| 7:38 | Slaughterhouse |
| 8:08 | Web |
| 8:45 | Meat Wagon |
| 9:17 | Temple of the Damned |
| 9:24 | Crypt Fiend |
| 9:26 | Death Coil |
| 9:44 | Obsidian Statue |
| 10:26 | Crypt Fiend |
| 10:28 | Improved Creature Attack |
| 10:55 | Meat Wagon |
| 11:29 | Ziggurat |
| 11:30 | Ziggurat |
| 12:31 | Sleep |
| 12:35 | Crypt Fiend |
| 13:00 | Crypt Fiend |
| 13:03 | Necromancer Adept Training |
| 13:04 | Necromancer |
| 13:18 | Crypt Fiend |
| 13:51 | Obsidian Statue |
| 13:51 | Obsidian Statue |
| 13:53 | Meat Wagon |
| 13:54 | Exhume Corpses |
| 13:56 | Crypt Fiend |
| 14:19 | Improved Creature Carapace |
| 14:35 | Necromancer |
| 14:47 | Banshee Adept Training |
| 15:56 | Banshee |
| 16:30 | Banshee |
| 16:32 | Black Citadel |
| 16:59 | Meat Wagon |
| 16:59 | Meat Wagon |
| 17:37 | Meat Wagon |
| 18:29 | Banshee |
| 18:30 | Meat Wagon |
| 19:35 | Necromancer Master Training |
| 19:36 | Banshee Master Training |
| Right click | 916 |
| Select | 334 |
| Build/train/purchase | 75 |
| Select group | 36 |
| Use ability | 18 |
| Assign group | 11 |
| Misc. action | 9 |
| Resource trade | 6 |
| Remove unit | 3 |
| Minimap ping | 3 |



| Orb of Venom | 1 | 325 |
| Potion of Healing | 1 | 150 |
| Scroll of Town Portal | 2 | 700 |
| total: | 4 | 1175g |
| Wisp | 62 | 3720 | / | 0 |
| Archer | 5 | 650 | / | 50 |
| Dryad | 5 | 725 | / | 300 |
| total: | 72 | 5095g | / | 350w |
| Ancient Protector | 23 | 3105 | / | 1840 |
| Altar of Elders | 1 | 180 | / | 50 |
| Moon Well | 6 | 1080 | / | 240 |
| Ancient of War | 3 | 450 | / | 180 |
| Ancient of Wonders | 1 | 90 | / | 30 |
| Hunter's Hall | 1 | 210 | / | 100 |
| Tree of Life | 3 | 1020 | / | 555 |
| Ancient of Lore | 3 | 465 | / | 435 |
| Ancient of Wind | 3 | 450 | / | 420 |
| Chimaera Roost | 3 | 420 | / | 570 |
| Tree of Ages | 1 | 320 | / | 180 |
| Tree of Eternity | 1 | 330 | / | 200 |
| total: | 47 | 7470g | / | 4420w |
| 0:06 | Wisp |
| 0:06 | Wisp |
| 0:11 | Altar of Elders |
| 0:15 | Wisp |
| 0:22 | Moon Well |
| 0:26 | Wisp |
| 0:50 | Ancient of War |
| 0:52 | Wisp |
| 1:15 | Wisp |
| 1:23 | Wisp |
| 1:34 | Moon Well |
| 1:39 | Wisp |
| 1:40 | Wisp |
| 1:42 | Wisp |
| 1:51 | Archer |
| 1:58 | Ancient of Wonders |
| 2:06 | Archer |
| 2:12 | Mana Burn |
| 2:36 | Archer |
| 2:56 | Tree of Ages |
| 3:08 | Archer |
| 3:20 | Archer |
| 3:43 | Moon Well |
| 3:59 | Evasion |
| 4:10 | Hunter's Hall |
| 4:36 | Moon Well |
| 5:27 | Tree of Eternity |
| 5:33 | Mana Burn |
| 5:52 | Ancient of Lore |
| 5:56 | Ancient of Lore |
| 6:29 | Entangling Roots |
| 6:44 | Tree of Life |
| 7:18 | Dryad |
| 7:39 | Force of Nature |
| 7:43 | Abolish Magic |
| 8:07 | Wisp |
| 8:07 | Wisp |
| 8:25 | Dryad |
| 8:52 | Dryad |
| 9:13 | Wisp |
| 9:13 | Wisp |
| 9:13 | Wisp |
| 9:13 | Wisp |
| 9:14 | Wisp |
| 9:27 | Trueshot Aura |
| 10:21 | Dryad |
| 10:27 | Moon Well |
| 10:27 | Moon Well |
| 11:31 | Evasion |
| 11:42 | Resistant Skin |
| 11:43 | Hardened Skin |
| 11:47 | Ancient of Lore |
| 11:49 | Wisp |
| 12:04 | Searing Arrows |
| 12:19 | Wisp |
| 12:19 | Wisp |
| 13:22 | Dryad |
| 13:24 | Scroll of Town Portal |
| 13:35 | Scroll of Town Portal |
| 13:40 | Orb of Venom |
| 13:43 | Potion of Healing |
| 13:59 | Wisp |
| 13:59 | Wisp |
| 14:00 | Wisp |
| 14:00 | Wisp |
| 14:00 | Wisp |
| 14:28 | Entangling Roots |
| 14:30 | Tree of Life |
| 14:32 | Wisp |
| 14:42 | Strength of the Wild |
| 14:43 | Reinforced Hides |
| 14:43 | Well Spring |
| 15:21 | Ancient Protector |
| 15:21 | Ancient Protector |
| 15:22 | Ancient Protector |
| 15:47 | Ancient Protector |
| 15:47 | Ancient Protector |
| 15:52 | Wisp |
| 15:53 | Wisp |
| 15:53 | Wisp |
| 15:53 | Wisp |
| 15:53 | Wisp |
| 16:03 | Ancient of Wind |
| 16:04 | Ancient of Wind |
| 16:04 | Ancient of Wind |
| 16:06 | Wisp |
| 16:06 | Wisp |
| 16:07 | Wisp |
| 16:49 | Tree of Life |
| 16:58 | Ancient of War |
| 17:01 | Ancient of War |
| 17:04 | Ancient Protector |
| 17:06 | Wisp |
| 17:06 | Wisp |
| 17:06 | Wisp |
| 17:07 | Wisp |
| 17:07 | Wisp |
| 17:19 | Wisp |
| 17:19 | Wisp |
| 17:19 | Wisp |
| 17:19 | Wisp |
| 17:20 | Wisp |
| 17:22 | Wisp |
| 17:23 | Wisp |
| 17:23 | Wisp |
| 17:28 | Ancient Protector |
| 17:52 | Ancient Protector |
| 17:53 | Ancient Protector |
| 17:56 | Ancient Protector |
| 18:09 | Wisp |
| 18:23 | Ancient Protector |
| 18:24 | Ancient Protector |
| 18:25 | Ancient Protector |
| 18:27 | Ancient Protector |
| 18:29 | Wisp |
| 18:29 | Wisp |
| 18:50 | Wisp |
| 18:50 | Wisp |
| 18:51 | Wisp |
| 18:51 | Wisp |
| 18:51 | Wisp |
| 19:01 | Ancient Protector |
| 19:02 | Ancient Protector |
| 19:07 | Wisp |
| 19:07 | Wisp |
| 20:14 | Wisp |
| 20:14 | Wisp |
| 20:14 | Wisp |
| 20:14 | Wisp |
| 20:14 | Wisp |
| 20:28 | Chimaera Roost |
| 20:28 | Chimaera Roost |
| 20:29 | Chimaera Roost |
| 20:33 | Ancient Protector |
| 20:34 | Ancient Protector |
| 20:35 | Ancient Protector |
| 20:37 | Ancient Protector |
| 20:38 | Ancient Protector |
| 20:41 | Ancient Protector |
| 20:54 | Ancient Protector |
| Right click | 347 |
| Select group | 318 |
| Select | 199 |
| Misc. action | 148 |
| Build/train/purchase | 109 |
| Chat | 43 |
| Use ability | 18 |
| Assign group | 15 |
| Esc | 5 |
| Item give/drop | 4 |
⇛